 Dungeon Crawl Stone Soup version 0.22-a0-425-g89d60a1 (webtiles) character file.

459 Amnesiac the Prestidigitator (level 6, -2/29 HPs)
             Began as a Spriggan Artificer on May 24, 2018.
             Slain by an ogre
             ... wielding a +0 giant club
              (10 damage)
             ... on level 5 of the Dungeon.
             The game lasted 00:04:27 (1995 turns).

Amnesiac the Prestidigitator (Spriggan Artificer)   Turns: 1995, Time: 00:04:27

Health: -2/29      AC:  2    Str: 10    XL:     6   Next: 78%
Magic:  14/14      EV: 18    Int: 12    God:
Gold:   41         SH:  0    Dex: 17    Spells: 5/5 levels left

rFire    . . .     SeeInvis +   a - +0 dagger (drain)
rCold    . . .     Gourm    .   (shield restricted)
rNeg     . . .     Faith    .   i - +0 robe
rPois    .         Spirit   .   (helmet restricted)
rElec    .         Reflect  .   (no cloak)
rCorr    .         Harm     .   (gloves unavailable)
MR       +....                  (boots unavailable)
Stlth    ++........             (no amulet)
HPRegen  0.09/turn              (no ring)
MPRegen  0.14/turn              (no ring)

@: very quick
A: very small, unfitting armour, see invisible, herbivore, speed 3, slow
metabolism 2
a: no special abilities


You were on level 5 of the Dungeon.
You were not hungry.

You visited 1 branch of the dungeon, and saw 5 of its levels.

You collected 41 gold pieces.

Inventory:

Hand Weapons
 a - a +0 dagger of draining (weapon)
 b - a +0 hunting sling
Missiles
 j - 51 stones (quivered)
Armour
 i - a +0 robe (worn)
Wands
 c - a wand of flame (6)
 d - a wand of enslavement (15)
 e - a wand of random effects (4)
Scrolls
 g - 3 scrolls of identify {!r, unknown}
 k - a scroll of teleportation {!r, unknown}
 l - a scroll of blinking {!r, unknown}
Potions
 h - a potion of curing {!q, unknown}
 m - a potion of might {!q}
 n - a potion of degeneration {!q, unknown}
 o - a potion of agility {!q, unknown}
Comestibles
 f - a ration


   Skills:
 - Level 0.7 Fighting
 * Level 1.5 Short Blades
 - Level 3.0 Dodging
 + Level 1.9 Stealth
 - Level 10.0 Evocations


You had 5 spell levels left.
You didn't know any spells.
Your spell library was empty.

Dungeon Overview and Level Annotations

Branches:
Dungeon (5/15)
 Temple: D:4-7

Altars:
Qazlal
Yredelemnul

Annotations:
D:4 Slunt's ghost, weakling DsAK


Innate Abilities, Weirdness & Mutations

You are very small and have problems with some larger weapons.
You are too small for most types of armour.
You have supernaturally acute eyesight. (SInv)
You are a herbivore.
You cover ground extremely quickly.
You need to consume almost no food.


Message History

You hit the jelly. You drain the jelly!
Your hands burn!
The jelly is severely wounded.
The jelly completely misses you.
You hit the jelly.
Your hands burn!
The jelly is almost dead.
The jelly barely misses you.
You hit the jelly.
You kill the jelly!
No target in view!
You start resting.
HP restored.
You now have 41 gold pieces (gained 7).
There is a stone staircase leading up here.
Slunt's ghost is too close now for your liking.
Slunt's ghost is nearby!
Slunt's ghost is nearby!
j - 50 stones (gained 1)
You see here a stone.
j - 51 stones (gained 1)
There is a stone staircase leading down here.
You climb downwards.
There is a stone staircase leading up here.
Found an escape hatch in the floor.
Found a stormy altar of Qazlal.
n - a white potion {!q}
o - a puce potion {!q} HP restored.
An ogre comes into view. It is wielding a giant club.
Found a scroll labeled VEYNUL RAIM.
An ogre is nearby!
The ogre shouts!
You swing at nothing.
You hit the ogre but do no damage. The ogre hits you with a giant club.
You hit the ogre. You drain the ogre!
The ogre is lightly wounded.
You hit the ogre but do no damage.
The ogre is lightly wounded.
The ogre closely misses you.
You barely miss the ogre.
The ogre is lightly wounded.
You hit the ogre.
The ogre is moderately wounded.
The ogre hits you with a giant club!!
Ouch! That really hurt!
* * * LOW HITPOINT WARNING * * *
Evoke which item? (* to show all) (? for menu, Esc to quit)
Aiming: Random Effects
Press: ? - help, Shift-Dir - straight line, f - ogre
Aim: an ogre, wielding a giant club (moderately wounded, lightly drained)
The ogre appears confused.
Evoke which item? (* to show all) (? for menu, Esc to quit)
Aiming: Throw Flame
Press: ? - help, Shift-Dir - straight line, f/p - ogre
Aim: an ogre, wielding a giant club (moderately wounded, confused, lightly drained)
The puff of flame hits the ogre.
The ogre is heavily wounded.
Evoke which item? (* to show all) (? for menu, Esc to quit)
Aiming: Throw Flame
Press: ? - help, Shift-Dir - straight line, f/p - ogre
Aim: an ogre, wielding a giant club (heavily wounded, confused, lightly drained)
The puff of flame hits the ogre.
The ogre is severely wounded.
The ogre hits you with a giant club!
You die...

≈≈≈≈≈≈≈≈..# ..≈≈_>≈≈≈≈.###
.≈≈≈.⌠≈≈.....# ..≈≈≈≈≈≈.....#
..≈≈≈≈≈≈.....#
...≈≈≈≈.......##############
.....≈≈≈....#........#.....#.
....≈......###.....<.......#
#.###....###.O@........[...
#.....#### #...............
####.## #............... #.#
#............... #.#
#............... #.?
#............... ##..
##.............. ##.
##.....#....... #.
#####.#######.


You could see an ogre (confused).

Vanquished Creatures
  Eustachio (D:4)
  Menkaure (D:4)
  A hound (D:4)
  A bullfrog skeleton (D:4)
  A jelly (D:4)
  An orc wizard (D:4)
  2 worker ants (D:4)
  A howler monkey skeleton (D:4)
  An adder zombie (D:5)
  An adder skeleton (D:4)
  2 worms (D:4)
  A leopard gecko (D:1)
  2 orcs (D:4)
  2 giant cockroaches
  A goblin (D:1)
  A hobgoblin (D:3)
  3 quokkas (D:4)
  2 bats (D:1)
  A frilled lizard (D:4)
  A kobold (D:1)
  2 rats
29 creatures vanquished.

Notes
Turn   | Place    | Note
-------+----------+-------------------------------------------
     0 | D:1      | Amnesiac the Spriggan Artificer began the quest for the Orb.
     0 | D:1      | Reached XP level 1. HP: 9/9 MP: 4/4
   393 | D:3      | Reached XP level 2. HP: 14/14 MP: 6/6
   442 | D:5      | Entered Level 5 of the Dungeon
   459 | D:5      | Reached skill level 5 in Evocations
   736 | D:4      | Noticed Slunt's ghost (weakling DsAK)
   770 | D:4      | Reached XP level 3. HP: 10/17 MP: 8/8
   799 | D:4      | Found a basalt altar of Yredelemnul.
   943 | D:4      | Reached skill level 6 in Evocations
  1137 | D:4      | Reached XP level 4. HP: 11/21 MP: 10/10
  1339 | D:4      | Noticed Menkaure
  1341 | D:4      | Killed Menkaure
  1341 | D:4      | Reached skill level 8 in Evocations
  1341 | D:4      | Reached XP level 5. HP: 25/25 MP: 10/12
  1513 | D:4      | Noticed Eustachio
  1519 | D:4      | Killed Eustachio
  1519 | D:4      | Reached skill level 9 in Evocations
  1519 | D:4      | Reached XP level 6. HP: 23/29 MP: 12/14
  1803 | D:4      | Reached skill level 10 in Evocations
  1957 | D:5      | Found a stormy altar of Qazlal.
  1995 | D:5      | Slain by an ogre

Vault maps used:
D:1:      dpeg_arrival_boxes_within_box, minmay_rat_gold_closets
D:2:      first_ration, hex_intersection, grunt_decor_clamped
D:4:      led_sif_pool, yredelemnul_altar_generic, uniq_menkaure, uniq_eustachio
D:5:      minmay_temple_entry_nine_rooms, st_stairs_5,
          nicolae_qazlal_general_emergency

Skill      XL: |  1  2  3  4  5  6 |
---------------+-------------------+-----
Evocations     | 5 6 8 9 10 | 10.0
Fighting       | |  0.7
Short Blades   | |  1.5
Dodging        | |  3.0
Stealth        | |  1.9

Action                   |  1- 3 |  4- 6 || total
-------------------------+-------+-------++-------
Melee: Short sword       |    40 |       ||    40
       Dagger            |     1 |    24 ||    25
 Fire: Hunting sling     |    45 |    54 ||    99
Evoke: Wand              |     5 |    15 ||    20
 Stab: Sleeping          |     4 |     1 ||     5
Armor: Robe              |     6 |     3 ||     9
Dodge: Dodged            |    55 |    31 ||    86

Table legend:
 A = Spawn XP
 B = Non-spawn XP
 C = Spawn XP percentage of total XP
 D = Spawn monster count
 E = Non-spawn monster count
 F = Spawn count percentage of total count
 G = Total turns spent on level
                    A         B        C        D         E        F      G
               +---------+---------+-------+---------+---------+-------+---------
         Total |       0 |     656 |   0.0 |       0 |      29 |   0.0 |  1995
               +---------+---------+-------+---------+---------+-------+---------
           D:1 |       0 |       9 |   0.0 |       0 |       6 |   0.0 |   326
           D:2 |       0 |       2 |   0.0 |       0 |       1 |   0.0 |    46
           D:3 |       0 |       3 |   0.0 |       0 |       2 |   0.0 |    44
           D:4 |       0 |     636 |   0.0 |       0 |      19 |   0.0 |  1385
           D:5 |       0 |       6 |   0.0 |       0 |       1 |   0.0 |   194
               +---------+---------+-------+---------+---------+-------+---------
